 Dungeon Crawl Stone Soup version 0.17-a0-1583-g2df49ec (webtiles) character file.

15446 Raurakos the Carver (level 12, -2/91 HPs)
             Began as a Formicid Abyssal Knight on July 28, 2015.
             Was a Priest of Lugonu.
             Slain by a river rat (5 damage)
             ... on level 3 of the Lair of Beasts.
             The game lasted 01:24:31 (19464 turns).

Raurakos the Carver (Formicid Abyssal Knight)      Turns: 19464, Time: 01:24:31

Health: -2/91      AC: 16    Str: 18    XL:     12   Next: 57%
Magic:  3/15       EV:  9    Int: 16    God:    Lugonu [***...]
Gold:   560        SH:  0    Dex: 14    Spells: 0 memorised, 11 levels left

rFire  + . .     SeeInvis +     a - +1 great sword
rCold  . . .     Clarity  +     i - +0 plate armour
rNeg   . . .     SustAt   .     (no shield)
rPois  .         Gourm    .     (helmet unavailable)
rElec  .         Spirit   .     E - +0 cloak
rCorr  .         Warding  .     q - +0 pair of gloves
rMut   .         Stasis   +     (no boots)
MR     +....                    l - amulet of clarity
Stlth  ..........               (no ring)
                                J - +4 ring of intelligence

@: somewhat resistant to hostile enchantments, extremely unstealthy
A: permanent stasis, dig shafts and tunnels, four strong arms, antennae 3, fire
resistance 1
a: Dig, Shaft Self, Depart the Abyss, Bend Space, Banish, Renounce Religion


You were on level 3 of the Lair of Beasts.
You worshipped Lugonu.
Lugonu was most pleased with you.
You were not hungry.

You visited 3 branches of the dungeon, and saw 14 of its levels.
You visited the Abyss 1 time.

You collected 560 gold pieces.

Inventory:

Hand weapons
 a - a +1 great sword (weapon)
 b - a +0 blowgun
 h - a +3 long sword
Missiles
 n - 26 stones (quivered)
 s - 29 poisoned needles
 I - 2 needles of slowing
Armour
 i - a +0 plate armour (worn)
 q - a +0 pair of gloves (worn)
 E - a +0 cloak (worn)
Rods
 t - a +0 rod of clouds (13/13)
   (You found it on level 3 of the Dungeon)
Jewellery
 d - the ring "Toohaom" {rC+ MP+9 AC-2 Str-3 Stlth+}
   (You found it on level 2 of the Lair of Beasts)

   [ring of protection]

   It affects your AC (-2).
   It affects your strength (-3).
   It protects you from cold.
   It affects your magic capacity (+9).
   It makes you more stealthy.
 l - an amulet of clarity (around neck)
 J - a +4 ring of intelligence (left hand)
 M - an uncursed ring of wizardry
Magical devices
 u - a wand of enslavement (8)
 x - a wand of disintegration (12)
 D - a wand of paralysis (24)
 G - a wand of fireball (12)
 K - a wand of polymorph (1)
Scrolls
 e - a scroll of amnesia
 f - 6 scrolls of magic mapping
 g - 10 scrolls of remove curse
 j - a scroll of fear
 m - a scroll of summoning {unknown}
 o - a scroll of fog
 p - a scroll of enchant weapon
Potions
 k - a potion of flight
 v - a potion of agility
Miscellaneous
 P - a fan of gales
Comestibles
 c - 4 bread rations


   Skills:
 - Level 7.2 Fighting
 + Level 13.6 Long Blades
 - Level 8.1 Armour
 - Level 9.0 Dodging
 - Level 5.0 Invocations


You had 11 spell levels left.
You didn't know any spells.

Dungeon Overview and Level Annotations

Branches:
Dungeon (10/15)            Temple (1/1) D:6            Lair (3/8) D:9
  Swamp: Lair:3-6    Shoals: Lair:3-6     Snake: Lair:3-6    Spider: Lair:3-6
    Orc: D:9-12

Altars:
Ashenzari
Cheibriados
Dithmenos
Elyvilon
Fedhas
Gozag
Kikubaaqudgha
Makhleb
Nemelex Xobeh
Okawaru
Qazlal
Ru
Sif Muna
Trog
Vehumet
Xom
Yredelemnul
Zin
The Shining One

Shops:
D:9 *

Annotations:
D:4 Edmund
D:5 Menkaure
Lair:1 Maud
Lair:2 kroki's ghost, experienced MfGl
Abyss:1 Erica


Innate Abilities, Weirdness & Mutations

You are under a permanent stasis effect.
You can dig through walls and to a lower floor.
Your four strong arms can wield two-handed weapons with a shield.
You have a pair of large antennae on your head (SInv).
Your flesh is heat resistant.


Message History

The river rat bites you.
* * * LOW HITPOINT WARNING * * *
You slice the river rat!!
You kill the river rat!
Lugonu accepts your kill. The spiny frog stings you!
* * * LOW HITPOINT WARNING * * *
Use which ability? (? or * to list)
Press: ? - help, Shift-Dir - straight line, f - spiny frog
Aim: a spiny frog (translocational energy, chance to defeat MR: 75%)
The spiny frog is devoured by a tear in reality.
Lugonu claims a new guest.
Your Armour skill increases to level 8!
You feel somewhat more hungry.
You can no longer corrupt the fabric of space.
You closely miss the river rat. The river rat barely misses you.
You hit the river rat.
The river rat is moderately wounded.
The river rat bites you.
You die...

#.........#
#........# #........#
##....P.## #P.....##
##.....# #.....{# #
### ##.....##.# ##@#
#....{.{Y.. #
#r####...{.{P#.#
##.#.###{#r###..{.##
.
......{{{...##.....#{
.≈≈##...{{...#.....#
≈≈≈≈≈...†.........##
#≈≈≈≈.......P#....#
P≈≈≈≈.......##....#
#≈≈≈P........##......


You could see a river rat.

Vanquished Creatures
  The ghost of BobbyTwoHands the Martial Artist, an experienced DgSu (Lair:2)
  Pikel (D:9)
  Joseph (D:9)
  A black mamba (Lair:1)
  Psyche (D:8)
  A komodo dragon (Lair:1)
  Grinder (D:4)
  Prince Ribbit (D:8)
  4 blink frogs (Lair:2)
  Sigmund (D:6)
  17 yaks
  2 hippogriffs (Lair:2)
  2 deep elf magi
  A vampire mosquito (D:10)
  4 wolves
  3 porcupines (Lair:2)
  Duvessa (D:4)
  An orc warrior (D:6)
  9 water moccasins
  2 phantoms
  A black bear (D:6)
  2 centaurs (D:7)
  A sky beast (D:6)
  4 ogres
  An ice beast (D:10)
  4 crocodiles
  2 big kobolds
  8 giant frogs
  2 gnoll sergeants
  A killer bee (D:8)
  Dowan (D:4)
  2 scorpions
  11 wights
  An electric eel (D:9)
  A crimson imp (D:8)
  A centaur zombie (D:8)
  2 iguanas
  8 hounds
  4 jellies
  3 quasits
  A centaur skeleton (D:4)
  8 orc wizards
  8 worker ants
  2 hound skeletons
  10 gnolls
  35 river rats
  19 adders
  2 shadow imps (D:10)
  An ooze (D:2)
  An adder skeleton (D:8)
  2 worms
  7 giant geckos
  15 orcs
  4 giant cockroaches
  16 hobgoblins
  17 jackals
  7 quokkas
  A ball python (D:6)
  11 bats
  2 giant gecko skeletons
  2 giant newts
  10 goblins
  2 jackal skeletons
  14 kobolds
  2 quokka zombies
  13 rats
327 creatures vanquished.

Vanquished Creatures (others)
  2 hydras (Lair:1)
  A griffon (Lair:2)
  A black mamba (Lair:1)
  A komodo dragon (Lair:3)
  2 spiny frogs
  A troll (D:9)
  A hippogriff (Lair:3)
  A porcupine (Lair:1)
  4 slaves (D:9)
  2 hounds (D:9)
  2 orcs (D:9)
  A jackal (D:9)
  14 fungi (Lair:2)
  6 plants (Lair:2)
39 creatures vanquished.

Grand Total: 366 creatures vanquished

Notes
Turn   | Place    | Note
--------------------------------------------------------------
     0 | Abyss:1  | Raurakos the Formicid Abyssal Knight began the quest for the Orb.
     0 | Abyss:1  | Reached XP level 1. HP: 18/18 MP: 2/2
     7 | D:1      | Escaped the Abyss
   615 | D:2      | Reached XP level 2. HP: 13/24 MP: 3/3
   804 | D:2      | Found a basalt altar of Yredelemnul.
   811 | D:2      | Found a blossoming altar of Fedhas.
   811 | D:2      | Found a radiant altar of Vehumet.
   886 | D:2      | Reached XP level 3. HP: 27/29 MP: 4/4
  1128 | D:1      | Acquired Lugonu's second power
  1250 | D:2      | Reached XP level 4. HP: 35/35 MP: 5/5
  1273 | D:2      | Reached skill level 4 in Long Blades
  1415 | D:2      | Found a sparkling altar of Nemelex Xobeh.
  1688 | D:3      | Found a stormy altar of Qazlal.
  1893 | D:3      | Reached XP level 5. HP: 38/41 MP: 6/6
  1977 | D:3      | Identified a +0 rod of clouds (13/13) (You found it on level 3 of the Dungeon)
  2178 | D:3      | Found a burning altar of Makhleb.
  2190 | D:3      | Reached skill level 5 in Long Blades
  2347 | D:4      | Noticed a phantom
  2659 | D:4      | Noticed Duvessa
  2660 | D:4      | Noticed Dowan
  2896 | D:4      | Acquired Lugonu's third power
  2939 | D:4      | Reached XP level 6. HP: 47/47 MP: 7/7
  3105 | D:4      | Reached skill level 6 in Long Blades
  3549 | D:4      | Killed a phantom
  3833 | D:4      | Killed Dowan
  3833 | D:4      | Reached skill level 7 in Long Blades
  3833 | D:4      | Reached XP level 7. HP: 39/52 MP: 8/8
  3862 | D:4      | Killed Duvessa
  4064 | D:5      | Entered Level 5 of the Dungeon
  4332 | D:5      | Noticed Edmund
  4658 | D:5      | Reached skill level 8 in Long Blades
  5228 | D:5      | Noticed Grinder
  5665 | D:5      | Noticed Menkaure
  6226 | D:5      | Reached XP level 8. HP: 20/58 MP: 9/9
  6531 | D:5      | Gained mutation: Your flesh is heat resistant. [potion of beneficial mutation]
  6558 | D:6      | Found a shattered altar of Ashenzari.
  6786 | D:6      | Reached skill level 9 in Long Blades
  7029 | D:6      | Reached skill level 5 in Fighting
  7118 | D:6      | Noticed Sigmund
  7126 | D:6      | Killed Sigmund
  7410 | D:6      | Acquired Lugonu's fourth power
  7440 | D:6      | Reached XP level 9. HP: 18/72 MP: 10/10
  7921 | D:6      | Found a staircase to the Ecumenical Temple.
  7928 | Temple   | Entered the Ecumenical Temple
  8199 | D:7      | Reached skill level 5 in Armour
  8524 | D:7      | Reached skill level 5 in Invocations
  8926 | D:7      | Found a snail-covered altar of Cheibriados.
  9257 | D:4      | Killed Grinder
  9624 | D:8      | Reached skill level 10 in Long Blades
  9647 | D:8      | Reached skill level 1 in Dodging
  9876 | D:8      | Reached XP level 10. HP: 75/79 MP: 13/13
  9877 | D:8      | Noticed Prince Ribbit
  9891 | D:8      | Killed Prince Ribbit
 10130 | D:9      | Noticed Psyche
 10156 | D:8      | Killed Psyche
 10567 | D:9      | Noticed Pikel
 10576 | D:9      | Killed Pikel
 10576 | D:9      | Acquired Lugonu's fifth power
 10576 | D:9      | Reached skill level 5 in Dodging
 10904 | D:9      | Noticed Erica
 11031 | D:6      | Found a deep blue altar of Sif Muna.
 11431 | D:9      | Banished Erica
 11431 | D:9      | Reached skill level 11 in Long Blades
 11661 | D:9      | Noticed Joseph
 11713 | D:9      | Killed Joseph
 11940 | D:9      | Found a staircase to the Lair.
 12077 | D:9      | Reached XP level 11. HP: 74/84 MP: 14/14
 12315 | D:9      | Found an iron altar of Okawaru.
 12317 | D:9      | Found a deep blue altar of Sif Muna.
 12383 | D:9      | Found Zin's Purification Station.
 12431 | D:9      | Reached skill level 12 in Long Blades
 12579 | D:9      | Found a glowing silver altar of Zin.
 13033 | D:10     | Entered Level 10 of the Dungeon
 13441 | D:10     | Reached skill level 13 in Long Blades
 13681 | Lair:1   | Entered Level 1 of the Lair of Beasts
 14768 | Lair:1   | Noticed a six-headed hydra
 14772 | Lair:1   | Banished a six-headed hydra
 15575 | Lair:1   | Noticed a six-headed hydra
 15577 | Lair:1   | Banished a six-headed hydra
 15720 | Lair:2   | Reached XP level 12. HP: 91/91 MP: 15/15
 15955 | Lair:2   | Noticed kroki's ghost (experienced MfGl)
 16653 | Lair:2   | Noticed BobbyTwoHands's ghost (experienced DgSu)
 16671 | Lair:2   | Killed BobbyTwoHands's ghost
 17606 | Lair:2   | HP: 2/91 [griffon (11)]
 18424 | Lair:2   | Got a flickering lapis lazuli ring
 18426 | Lair:2   | Identified the cursed ring "Toohaom" {rC+ MP+9 AC-2 Str-3 Stlth+} (You found it on level 2 of the Lair of Beasts)
 18643 | Lair:3   | Noticed Maud
 19454 | Lair:3   | HP: 4/91 [hippogriff (3)]
 19461 | Lair:3   | HP: 2/91 [spiny frog (8)]
 19464 | Lair:3   | Slain by a river rat

Vault maps used:
D:1:      dpeg_arrival_boxes_within_box
D:2:      grunt_temple_overflow_open, nemelex_spade_bored_becter
D:3:      nicolae_qazlal_general_emergency, nicolae_overflow_crystal_walls
D:4:      first_bread, uniq_duvessa
D:5:      uniq_grinder, uniq_menkaure, uniq_edmund
D:6:      kennysheep_orc_sif_temple, cheibrodos_ashenzari_chains,
          temple_statues, uniq_sigmund
D:7:      slow_altar_1
D:8:      uniq_prince_ribbit1
D:9:      zin_purify, gammafunk_temple_overflow_pools, erik_lair_island,
          blue_anna_alchemist, uniq_psyche, uniq_pikel, uniq_erica, uniq_joseph
D:10:     pond
Temple:   nicolae_temple_no_exploring_needed
Lair:1:   infiniplex_staircase_pool_2
Lair:3:   minmay_snake_entry_guardpost_large, basic_altar, uniq_maud

Action                   |  1- 3 |  4- 6 |  7- 9 | 10-12 || total
-------------------------+-------+-------+-------+-------++-------
Melee: Falchion          |    51 |    76 |    38 |   252 ||   417
       Long sword        |       |   146 |   469 |   249 ||   864
       Great sword       |       |       |     9 |   398 ||   407
 Fire: Blowgun           |       |       |       |    15 ||    15
Throw: Stone             |    15 |    25 |    52 |    23 ||   115
Invok: Bend Space        |       |       |     7 |     3 ||    10
       Banish            |       |       |       |    19 ||    19
 Abil: Dig               |       |       |       |     2 ||     2
Evoke: Rod               |       |     9 |    23 |     9 ||    41
       Wand              |       |       |       |     2 ||     2
  Use: Scroll            |       |     4 |     6 |    11 ||    21
       Potion            |       |       |     4 |     3 ||     7
 Stab: Confused          |       |     2 |     7 |     5 ||    14
  Eat: Chunk             |     1 |     8 |    22 |    32 ||    63
       Beef jerky        |       |     2 |       |     1 ||     3
       Fruit             |       |     1 |     2 |     1 ||     4
       Meat ration       |       |       |     2 |       ||     2
       Royal jelly       |       |       |       |     2 ||     2
       Bread ration      |       |       |       |     1 ||     1
